 Dungeon Crawl Stone Soup version 0.19.5 (webtiles) character file.

373 McKennaii the Magician (level 6, -7/32 HPs)
             Began as a Deep Elf Fire Elementalist on May 19, 2017.
             Was an Initiate of Vehumet.
             Killed by divine providence
             ... invoked by an orc priest
              (12 damage)
             ... on level 4 of the Dungeon.
             The game lasted 00:05:40 (2963 turns).

McKennaii the Magician (Deep Elf Fire Elementalist) Turns: 2963, Time: 00:05:41

Health: -7/32      AC:  5    Str:  5    XL:     6   Next: 43%
Magic:  2/16       EV: 13    Int: 25    God:    Vehumet [......]
Gold:   173        SH:  0    Dex: 15    Spells: 3 memorised, 10 levels left

rFire  . . .     SeeInvis .     (no weapon)
rCold  . . .     Gourm    .     a - +0 robe
rNeg   . . .     Faith    .     (no shield)
rPois  .         Spirit   .     k - +2 hat {Int+3}
rElec  .         Reflect  .     (no cloak)
rCorr  .         Harm     .     o - +0 pair of gloves
MR     .....                    (no boots)
Stlth  ++........               (no amulet)
                                (no ring)
                                (no ring)

@: no status effects
A: no striking features
a: Renounce Religion


You were on level 4 of the Dungeon.
You worshipped Vehumet.
Vehumet was noncommittal.
You were not hungry.

You visited 1 branch of the dungeon, and saw 4 of its levels.

You collected 173 gold pieces.

Inventory:

Armour
 a - a +0 robe (worn)
 k - a +2 hat of intelligence (worn)
 o - a +0 pair of gloves (worn)
Jewellery
 r - a cursed -4 ring of strength {unknown}
Scrolls
 d - 3 scrolls of remove curse {unknown}
 e - a scroll of immolation {unknown}
 f - 2 scrolls of teleportation {unknown}
 j - a scroll of noise {unknown}
 l - a scroll of identify {unknown}
 m - 2 scrolls of recharging {unknown}
Potions
 g - 5 potions of curing {unknown}
 p - a potion of flight {unknown}
Books
 b - a book of Flames

   Spells                             Type                      Level
   a - Flame Tongue                   Conjuration/Fire             1
   b - Throw Flame                    Conjuration/Fire             2
   c - Conjure Flame                  Conjuration/Fire             3
   d - Inner Flame                    Hexes/Fire                   3
   e - Sticky Flame                   Conjuration/Fire             4
   f - Fireball                       Conjuration/Fire             5
Comestibles
 c - 2 bread rations
 h - 2 meat rations
 i - a beef jerky
 n - 4 fruits
 q - 2 chunks of flesh


   Skills:
 + Level 3.0 Dodging
 + Level 3.4 Stealth
 + Level 5.5 Spellcasting
 + Level 3.4 Conjurations
 + Level 5.3 Fire Magic


You had 10 spell levels left.
You knew the following spells:

 Your Spells              Type           Power        Failure   Level  Hunger
a - Flame Tongue          Conj/Fire      ####.        1%          1    None
b - Throw Flame           Conj/Fire      ####..       1%          2    None
c - Conjure Flame         Conj/Fire      ####....     4%          3    #......


Dungeon Overview and Level Annotations

Branches:
Dungeon (4/15)
 Temple: D:4-7

Altars:
Vehumet


Message History

* * * LOW HITPOINT WARNING * * *
Casting: Flame Tongue
Confirm with . or Enter, or press ? or * to list all spells.
Aiming: Flame Tongue
Press: ? - help, Shift-Dir - straight line, f/p - humperndinck's ghost
Aim: humperndinck's ghost (almost destroyed)
The flame tongue hits humperndinck's ghost.
You destroy humperndinck's ghost!
Vehumet accepts your kill.
Your Dodging skill increases to level 3!
Your Spellcasting skill increases to level 5!
Your Fire Magic skill increases to level 5!
You have reached level 6!
Your experience leads to an increase in your attributes!
Your base attributes are Str 5, Int 21, Dex 15.
Increase (S)trength, (I)ntelligence, or (D)exterity?
You feel clever.
The orc priest mumbles some strange prayers to Beogh against you.
Beogh smites you!
You die...

### #.. #.# #.#
#.# # #
########.#o#....
#.....@..§o.....
#.######.#o##...
#.# #.# # #.#
#.# ###.### #.#
#.....# #.#
#####.#
#.##############
#.#
#>..............
#.#
#.############.#


You could see an orc priest and 2 orcs.

Vanquished Creatures
  The ghost of humperndinck the Archer, an amateur CeHu (D:4)
  An iguana (D:4)
  6 adders
  3 worms
  A dart slug (D:2)
  A leopard gecko (D:4)
  6 orcs
  A ball python (D:1)
  4 giant cockroaches
  6 goblins
  8 hobgoblins
  5 jackals
  8 kobolds
  2 quokkas
  3 bats
  3 frilled lizards
  9 rats
68 creatures vanquished.

Notes
Turn   | Place    | Note
-------+----------+-------------------------------------------
     0 | D:1      | McKennaii the Deep Elf Fire Elementalist began the quest for the Orb.
     0 | D:1      | Reached XP level 1. HP: 10/10 MP: 6/6
     2 | D:1      | Noticed an elf
     2 | D:1      | Noticed a spriggan
     4 | D:1      | Noticed a draconian
     6 | D:1      | Noticed a formicid
     8 | D:1      | Noticed a dwarf
     8 | D:1      | Noticed a demonspawn
    10 | D:1      | Noticed a vampire
    10 | D:1      | Noticed an ogre
    12 | D:1      | Noticed a minotaur
    14 | D:1      | Noticed a vine stalker
    14 | D:1      | Noticed a troll
    16 | D:1      | Noticed a human
    16 | D:1      | Noticed a gargoyle
    18 | D:1      | Noticed a naga
    18 | D:1      | Noticed a merfolk
    20 | D:1      | Noticed a tengu
    20 | D:1      | Noticed a halfling
    22 | D:1      | Noticed a demigod
    24 | D:1      | Noticed a ghoul
    24 | D:1      | Noticed a centaur
    26 | D:1      | Noticed an octopode
    26 | D:1      | Noticed a felid
   172 | D:1      | Reached XP level 2. HP: 10/15 MP: 5/8
   794 | D:2      | Reached XP level 3. HP: 13/19 MP: 3/9
   798 | D:2      | Learned a level 2 spell: Throw Flame
   802 | D:2      | Learned a level 3 spell: Conjure Flame
  1331 | D:2      | Reached XP level 4. HP: 24/24 MP: 7/11
  2201 | D:3      | Found a radiant altar of Vehumet.
  2248 | D:3      | Became a worshipper of Vehumet
  2733 | D:4      | Reached XP level 5. HP: 28/28 MP: 2/13
  2952 | D:4      | Noticed humperndinck's ghost (amateur CeHu)
  2963 | D:4      | Killed humperndinck's ghost
  2963 | D:4      | Reached skill level 5 in Spellcasting
  2963 | D:4      | Reached skill level 5 in Fire Magic
  2963 | D:4      | Reached XP level 6. HP: 5/32 MP: 2/16
  2963 | D:4      | Killed from afar by an orc priest

Skill      XL: |  1  2  3  4  5 |
---------------+----------------+-----
Conjurations   | 2 3 |  3.4
Fire Magic     | 4 5 |  5.3
Spellcasting   | 4 5 |  5.5
Stealth        | 3 |  3.4
Dodging        | 3 |  3.0

Action                   |  1- 3 |  4- 6 || total
-------------------------+-------+-------++-------
Melee: Unarmed           |     1 |       ||     1
 Cast: Flame Tongue      |    56 |    77 ||   133
       Throw Flame       |       |     2 ||     2
       Conjure Flame     |       |     1 ||     1
  Eat: Chunk             |     1 |     5 ||     6
Armor: Robe              |     2 |     4 ||     6
Dodge: Dodged            |     7 |    20 ||    27
